cohdb
Replays
Latest Replays
All Replays
Popular Replays
Top Player Replays
Match Explorer
How It Works
Community
CoH3 Stats
Reddit
Sign in to upload your games and track your stats! →
Sign in with Steam
Match 41590573
Unlisted
Match 41590573
Overview
Messages
Build Orders
End
Kradschützen Motorcycle Team
Panzergrenadier Squad
Panzergrenadier Squad
Construct Light Support Kompanie
Assault Grenadier Squad
Fire Support Elements
Flakvierling Half-track
MG34 Team
2.5-tonne Medical Truck
Panzerjäger Mechanized Group
Selects Panzerjäger Kommand Battlegroup
Selects Tank Busters
Selects Crew Shock Tactics
Pak 38 Anti-tank Gun Team
Panzergrenadier Squad
Selects Mine Fields
Selects Defensive Positions
Selects Butterfly Bomb Drop
Construct Panzerarmee Kommand
Veteran Squad Leaders
Butterfly Bomb Drop
Panzer III L Medium Tank
Panzer III L Medium Tank
Butterfly Bomb Drop
Selects Elefant Tank Destroyer
Butterfly Bomb Drop
Butterfly Bomb Drop
Butterfly Bomb Drop
Butterfly Bomb Drop
Grand.G
Akem
0
0
Comments
sign in to comment!
No comments posted yet!